 Dungeon Crawl Stone Soup version 0.30-a0-800-g7c544603b3 (webtiles) character file.

Game seed: 13082888067242568388

336 cforsyth the Ducker (level 6, -1/38 HPs)
             Began as a Kobold Gladiator on Feb 21, 2023.
             Killed by nerve-wracking pain
             ... invoked by Grinder
              (12 damage)
             ... on level 4 of the Dungeon.
             The game lasted 00:06:55 (3276 turns).

cforsyth the Ducker (Kobold Gladiator)              Turns: 3276, Time: 00:06:55

Health: -1/38      AC:  5    Str: 11    XL:     6   Next: 84%
Magic:  6/6        EV: 17    Int: 10    God:
Gold:   156        SH:  0    Dex: 18    Spells: 5/5 levels left

rFire   + . .      SeeInvis +    a - +0 long sword
rCold   . . .      Faith    .    (no shield)
rNeg    . . .      Spirit   .    b - +0 leather armour
rPois   .          Reflect  .    c - +0 helmet
rElec   .          Harm     .    (no cloak)
rCorr   .          Rampage  .    u - +0 pair of gloves
Will    .....                    (no boots)
Stlth   ++++                     (no amulet)
HPRegen 0.26/turn                j - ring of see invisible
MPRegen 0.10/turn                m - ring of protection from fire

@: attractive
A: small, no large weapons, nightstalker 3
a: no special abilities


You were on level 4 of the Dungeon.
You visited 1 branch of the dungeon, and saw 4 of its levels.

You collected 156 gold pieces.

Inventory:

Hand Weapons
 a - a +0 long sword (weapon)
 q - a +2 dagger of speed
Missiles
 d - 2 throwing nets (quivered)
 e - 2 boomerangs
Armour
 b - a +0 leather armour (worn)
 c - a +0 helmet (worn)
 k - a +0 robe
 u - a +0 pair of gloves (worn)
Jewellery
 j - a ring of see invisible (left hand)
 m - a ring of protection from fire (right hand)
Wands
 r - a wand of flame (4)
Scrolls
 g - 2 scrolls of identify {unknown}
 l - a scroll of fear {unknown}
 n - 2 scrolls of enchant armour {unknown}
 o - a scroll of vulnerability {unknown}
 p - a scroll of magic mapping {unknown}
 t - a scroll of teleportation {unknown}
Potions
 f - a potion of attraction
 h - a potion of curing
 i - a potion of heal wounds {unknown}
 s - a potion of flight {unknown}
 v - a potion of haste {unknown}


   Skills:
 + Level 4.0 Fighting
 + Level 3.6 Long Blades
 - Level 2.3 Throwing
 + Level 5.3 Dodging
 + Level 4.2 Stealth


You had 5 spell levels left.
You didn't know any spells.
Your spell library contained the following spells:

 Spells                   Type           Power      Damage    Failure   Level
 Foxfire                  Conj/Fire      0%         2x1d4     45%         1
 Necrotise                Necr           0%         1d4       45%         1
 Scorch                   Fire           0%         2d5       58%         2
 Inner Flame              Hex/Fire       0%         N/A       83%         3
 Vampiric Draining        Necr           0%         2d6       83%         3
 Flame Wave               Conj/Fire      0%         2d4       99%         4
 Agony                    Necr           0%         N/A       100%        5
 Fireball                 Conj/Fire      0%         3d3       100%        5
 Starburst                Conj/Fire      0%         6d3       100%        6


Dungeon Overview and Level Annotations

Branches:
Dungeon (4/15)
 Temple: D:4-7

Altars:

Shops:
D:1 (

Annotations:
D:4 Grinder


Innate Abilities, Weirdness & Mutations

You are small and have problems with some larger weapons.
You are completely attuned to the shadows.


Message History

A hobgoblin comes into view.
Aiming: Throw Flame
Press: ? - help, Shift-Dir - straight line, f/p - Grinder
Aim: Grinder (moderately wounded, 64% to hit)
The puff of flame hits Grinder.
Grinder is moderately wounded.
Grinder gestures at you. Pain shoots through your body!
You closely miss Grinder.
Grinder is moderately wounded.
Grinder hits you but does no damage. x2
You hit Grinder.
Grinder is heavily wounded.
Grinder misses you.
You hit Grinder.
Grinder is severely wounded.
Grinder gestures at you.
You suddenly lose the ability to move!
Grinder hits you. x2
You writhe in agony.
Grinder hits you.
* * * LOW HITPOINT WARNING * * *
You writhe in agony.
* * * LOW HITPOINT WARNING * * *
You can move again.
Unknown command.
You hit Grinder.
Grinder is almost dead.
Grinder hits you.
* * * LOW HITPOINT WARNING * * *
It was a potion of attraction.
You feel attractive to monsters. Grinder hits you but does no damage.
It was a potion of curing.
You feel better. Grinder hits you but does no damage.
You hit Grinder.
Grinder is almost dead.
Grinder gestures at you. Pain shoots through your body!
You die...

....## #.# ....## #.#
.....# #.# .....#
##.####### #....#
#...##...# #....#
#...##...#
#....###...##...#
...†).....###...#####
................@5g..
#############...#####
#### ##### †... ####
# #


You could see Grinder and a hobgoblin.

Vanquished Creatures
  Sigmund (D:3)
  Ijyb (D:3)
  Robin (D:3)
  4 adders
  A worm (D:2)
  4 dart slugs
  5 orcs (D:3)
  7 bats
  10 endoplasms
  10 goblins
  8 hobgoblins
  4 jackals (D:1)
  5 kobolds
  5 quokkas
  8 ball pythons
  3 frilled lizards
  2 rats
79 creatures vanquished.

Notes
Turn   | Place    | Note
-------+----------+-------------------------------------------
     0 | D:1      | cforsyth the Kobold Gladiator began the quest for the Orb.
     0 | D:1      | Reached XP level 1. HP: 12/12 MP: 1/1
   271 | D:1      | Reached XP level 2. HP: 8/18 MP: 2/2
   659 | D:1      | Reached skill level 1 in Stealth
   742 | D:1      | Found a faded altar of an unknown god.
   850 | D:1      | Reached skill level 4 in Dodging
   850 | D:1      | Reached XP level 3. HP: 13/22 MP: 3/3
   923 | D:1      | Found Ficrypou's Antique Weapon Boutique.
  1319 | D:2      | Reached XP level 4. HP: 24/27 MP: 4/4
  2290 | D:3      | Reached XP level 5. HP: 29/32 MP: 5/5
  2364 | D:3      | Noticed Ijyb
  2382 | D:3      | Killed Ijyb
  2455 | D:3      | Noticed Sigmund
  2505 | D:3      | Killed Sigmund
  2506 | D:3      | Reached skill level 5 in Dodging
  2506 | D:3      | Reached XP level 6. HP: 37/38 MP: 6/6
  2667 | D:3      | Noticed Robin
  2707 | D:3      | Killed Robin
  3171 | D:4      | Got the Tome of Burning
  3260 | D:4      | Noticed Grinder
  3269 | D:4      | Paralysed by Grinder for 4 turns
  3276 | D:4      | Killed from afar by Grinder

Illustrated notes

Levels and vault maps discovered:
D:1:      dpeg_arrival_rhombus, layout_basic, serial_shops, shop_fountains,
          hellmonk_ecumenical_altar_arch_garden
D:2:      layout_basic
D:3:      layout_basic, uniq_robin, uniq_ijyb, uniq_sigmund
D:4:      layout_basic, minmay_temple_entry_proselytizer,
          hangedman_feature_mirror, uniq_pargi, uniq_grinder

Skill      XL: |  1  2  3  4  5  6 |
---------------+-------------------+-----
Stealth        | 1 2 4 |  4.2
Dodging        | 4 5 |  5.3
Fighting       | 3 4 |  4.0
Long Blades    | 3 |  3.6
Throwing       | |  2.3

Action                     |  1- 3 |  4- 6 || total
---------------------------+-------+-------++-------
  Melee: Long sword        |   105 |   153 ||   258
  Throw: Throwing net      |     1 |       ||     1
  Evoke: Wand              |       |     8 ||     8
    Use: Potion            |       |     2 ||     2
   Stab: Sleeping          |     5 |    19 ||    24
         Distracted        |     1 |       ||     1
 Armour: Leather armour    |    31 |    33 ||    64
  Dodge: Dodged            |   106 |   106 ||   212

Table legend: (Time is in decaauts)
 A = Elapsed time spent in this place.
 B = Non-inter-level travel time spent in this place.
 C = Inter-level travel time spent in this place.
 D = Time resting spent in this place.
 E = Time spent auto-exploring this place.
 F = Levels seen in this place.
 G = Mean time per level.
                   A        B        C        D        E       F      G
               +--------+--------+--------+--------+--------+-----+--------+
         Total |   3339 |   3114 |    225 |      0 |   2420 |   4 |  834.8 |
       Dungeon |   3339 |   3114 |    225 |      0 |   2420 |   4 |  834.8 |
               +--------+--------+--------+--------+--------+-----+--------+

Top non-repeatable levels by time:
     D:3: 1271 daAuts
     D:1: 1173 daAuts
     D:2: 776 daAuts
     D:4: 117 daAuts
